| TOP OF THE 1ST |
|
Reading Phillies batting - Pitching for Pawtucket Paw Sox : LHP John Hobbs
|
|
Pitching: LHP John Hobbs
|
|
|
Batting: LHB George Johnson
|
0-0: Foul Ball, location: 2F 0-1: Swinging Strike 0-2: Foul Ball, location: 2F 0-2: Strikes out swinging, 2-3 out at first.
|
|
Batting: RHB Greg Dahl
|
0-0: Called Strike 0-1: SINGLE (Groundball, 56, EV 105.6 MPH) (infield hit)
|
|
Batting: LHB Martino Martin
|
0-0: Grounds into double play, 3-6-3 (Groundball, 3, EV 86.9 MPH)
|
| Top of the 1st over - 0 runs, 1 hit, 0 errors, 0 left on base; Reading 0 - Pawtucket 0 |
| BOTTOM OF THE 1ST |
|
Pawtucket Paw Sox batting - Pitching for Reading Phillies : RHP Eric Wilkins
|
|
Pitching: RHP Eric Wilkins
|
|
|
Batting: LHB Jeff Stone
|
0-0: Ball 1-0: Called Strike 1-1: Foul Ball, location: 2F 1-2: Ball 2-2: Strikes out looking
|
|
Batting: RHB Shooty Babitt
|
0-0: Foul Ball, location: 2F 0-1: Ball 1-1: Foul Ball, location: 2F 1-2: Strikes out swinging
|
|
Batting: LHB Dave Haberle
|
0-0: Foul Ball, location: 2F 0-1: Ball 1-1: Called Strike 1-2: Foul Ball, location: 2F 1-2: Fly out, F8 (Flyball, 78XD, EV 93.8 MPH)
|
| Bottom of the 1st over - 0 runs, 0 hits, 0 errors, 0 left on base; Reading 0 - Pawtucket 0 |
| TOP OF THE 2ND |
|
Reading Phillies batting - Pitching for Pawtucket Paw Sox : LHP John Hobbs
|
|
Batting: RHB Thomas Thompson
|
0-0: Ball 1-0: Fly out, F8 (Flyball, 8RXD, EV 83.8 MPH)
|
|
Batting: LHB Pedro Rabassa
|
0-0: Called Strike 0-1: Ball 1-1: Called Strike 1-2: Ball 2-2: Ball 3-2: Base on Balls
|
|
Batting: SHB Doug Baker
|
0-0: Ball 1-0: Called Strike 1-1: Ball 2-1: Foul Ball, location: 2F 2-2: Strikes out swinging
|
|
Batting: RHB Paul Wirkus
|
0-0: Ball 1-0: Ball 2-0: Fly out, F7 (Line Drive, 7, EV 102.5 MPH)
|
| Top of the 2nd over - 0 runs, 0 hits, 0 errors, 1 left on base; Reading 0 - Pawtucket 0 |
| BOTTOM OF THE 2ND |
|
Pawtucket Paw Sox batting - Pitching for Reading Phillies : RHP Eric Wilkins
|
|
Batting: SHB Orestes Destrade
|
0-0: Called Strike 0-1: Foul Ball, location: 2F 0-2: Strikes out swinging
|
|
Batting: RHB Brick Smith
|
0-0: Called Strike 0-1: Ball 1-1: Foul Ball, location: 2F 1-2: SINGLE (Line Drive, 34D, EV 100.0 MPH)
|
|
Batting: RHB Robert Duran
|
0-0: Ball 1-0: Called Strike 1-1: Foul Ball, location: 2F 1-2: Ball 2-2: Strikes out swinging
|
|
Batting: RHB Joseph Baciotti
|
0-0: Called Strike 0-1: Ball 1-1: Ball 2-1: Swinging Strike 2-2: Strikes out swinging
|
| Bottom of the 2nd over - 0 runs, 1 hit, 0 errors, 1 left on base; Reading 0 - Pawtucket 0 |
| TOP OF THE 3RD |
|
Reading Phillies batting - Pitching for Pawtucket Paw Sox : LHP John Hobbs
|
|
Batting: RHB Mark Sproesser
|
0-0: Swinging Strike 0-1: Swinging Strike 0-2: Ball 1-2: Strikes out looking
|
|
Batting: LHB Alex Mata
|
0-0: Fly out, F4 (Popup, 34S, EV 76.9 MPH)
|
|
Batting: LHB George Johnson
|
0-0: Foul Ball, location: 2F 0-1: Swinging Strike 0-2: Strikes out looking
|
| Top of the 3rd over - 0 runs, 0 hits, 0 errors, 0 left on base; Reading 0 - Pawtucket 0 |
| BOTTOM OF THE 3RD |
|
Pawtucket Paw Sox batting - Pitching for Reading Phillies : RHP Eric Wilkins
|
|
Batting: RHB Gary Hargis
|
0-0: Called Strike 0-1: Foul Ball, location: 2F 0-2: Strikes out looking
|
|
Batting: RHB Ted Cox
|
0-0: Ball 1-0: Ball 2-0: Foul Ball, location: 2F 2-1: Called Strike 2-2: Ball 3-2: Foul Ball, location: 2F 3-2: Base on Balls
|
|
Batting: LHB Jeff Stone
|
0-0: Ball 1-0: Ball 2-0: Ball 3-0: Called Strike 3-1: Fly out, F7 (Flyball, 78D, EV 103.8 MPH)
|
|
Batting: RHB Shooty Babitt
|
0-0: Fly out, F8 (Flyball, 8RM, EV 75.0 MPH)
|
| Bottom of the 3rd over - 0 runs, 0 hits, 0 errors, 1 left on base; Reading 0 - Pawtucket 0 |
| TOP OF THE 4TH |
|
Reading Phillies batting - Pitching for Pawtucket Paw Sox : LHP John Hobbs
|
|
Batting: RHB Greg Dahl
|
0-0: Ball 1-0: Called Strike 1-1: SINGLE (Line Drive, 7LS, EV 95.0 MPH)
|
|
Batting: LHB Martino Martin
|
0-0: Ball 1-0: Ball 2-0: Ground out 3-1 (Groundball, 34S, EV 67.5 MPH) Greg Dahl to second
|
|
Batting: RHB Thomas Thompson
|
0-0: Called Strike 0-1: Ball 1-1: Ball 2-1: Ground out 4-3 (Groundball, 4S, EV 87.5 MPH) Greg Dahl to third
|
|
Batting: LHB Pedro Rabassa
|
0-0: Ball Wild Pitch! Greg Dahl scores 1-0: Foul Ball, location: 2F 1-1: Swinging Strike 1-2: Fly out, F9 (Line Drive, 9D, EV 90.6 MPH)
|
| Top of the 4th over - 1 run, 1 hit, 0 errors, 0 left on base; Reading 1 - Pawtucket 0 |
| BOTTOM OF THE 4TH |
|
Pawtucket Paw Sox batting - Pitching for Reading Phillies : RHP Eric Wilkins
|
|
Batting: LHB Dave Haberle
|
0-0: Ball 1-0: Foul Ball, location: 2F 1-1: Ball 2-1: Foul Ball, location: 2F 2-2: Foul Ball, location: 2F 2-2: Fly out, F8 (Flyball, 78D, EV 71.9 MPH)
|
|
Batting: SHB Orestes Destrade
|
0-0: Ball 1-0: Ball 2-0: Ball 3-0: Called Strike 3-1: Called Strike 3-2: Foul Ball, location: 2F 3-2: Strikes out swinging
|
|
Batting: RHB Brick Smith
|
0-0: Foul Ball, location: 2F 0-1: Swinging Strike 0-2: Ball 1-2: Ball 2-2: Foul Ball, location: 2F 2-2: Foul Ball, location: 2F 2-2: Fly out, F6 (Popup, 6MS, EV 64.4 MPH)
|
| Bottom of the 4th over - 0 runs, 0 hits, 0 errors, 0 left on base; Reading 1 - Pawtucket 0 |
| TOP OF THE 5TH |
|
Reading Phillies batting - Pitching for Pawtucket Paw Sox : LHP John Hobbs
|
|
Batting: SHB Doug Baker
|
0-0: Foul Ball, location: 2F 0-1: Swinging Strike 0-2: Ball 1-2: Foul Ball, location: 2F 1-2: Ball 2-2: Fly out, F8 (Flyball, 78D, EV 84.4 MPH)
|
|
Batting: RHB Paul Wirkus
|
0-0: Foul Ball, location: 2F 0-1: Ground out 6-3 (Groundball, 6, EV 95.0 MPH)
|
|
Batting: RHB Mark Sproesser
|
0-0: Called Strike 0-1: Ball 1-1: Swinging Strike 1-2: SINGLE (Groundball, 34D, EV 95.6 MPH)
|
|
Batting: LHB Alex Mata
|
0-0: Ball 1-0: Called Strike 1-1: Ball 2-1: Foul Ball, location: 2F 2-2: Strikes out swinging
|
| Top of the 5th over - 0 runs, 1 hit, 0 errors, 1 left on base; Reading 1 - Pawtucket 0 |
| BOTTOM OF THE 5TH |
|
Pawtucket Paw Sox batting - Pitching for Reading Phillies : RHP Eric Wilkins
|
|
Batting: RHB Robert Duran
|
0-0: Called Strike 0-1: Foul Ball, location: 2F 0-2: Foul Ball, location: 2F 0-2: Fly out, F8 (Line Drive, 8RM, EV 96.3 MPH)
|
|
Batting: RHB Joseph Baciotti
|
0-0: Ball 1-0: Swinging Strike 1-1: Called Strike 1-2: Foul Ball, location: 2F 1-2: Strikes out swinging
|
|
Batting: RHB Gary Hargis
|
0-0: Called Strike 0-1: Ball 1-1: Foul Ball, location: 2F 1-2: Foul Ball, location: 2F 1-2: Ball 2-2: Ground out 6-3 (Groundball, 6S, EV 68.8 MPH)
|
| Bottom of the 5th over - 0 runs, 0 hits, 0 errors, 0 left on base; Reading 1 - Pawtucket 0 |
| TOP OF THE 6TH |
|
Reading Phillies batting - Pitching for Pawtucket Paw Sox : LHP John Hobbs
|
|
Batting: LHB George Johnson
|
0-0: Called Strike 0-1: Swinging Strike 0-2: SINGLE (Line Drive, 9LS, EV 93.8 MPH)
|
|
Batting: RHB Greg Dahl
|
0-0: Swinging Strike 0-1: Ball 1-1: Ball 2-1: SINGLE (Flyball, 9LS, EV 95.0 MPH) George Johnson to second Runner from 2nd tries for 3rd, SAFE, no throw by RF
|
|
Batting: LHB Martino Martin
|
0-0: Foul Ball, location: 2F 0-1: Swinging Strike 0-2: Ball 1-2: Foul Ball, location: 2F 1-2: Foul Ball, location: 2F 1-2: Strikes out looking
|
|
Batting: RHB Thomas Thompson
|
0-0: Called Strike 0-1: Called Strike 0-2: Ball 1-2: Strikes out swinging
|
|
Batting: LHB Pedro Rabassa
|
0-0: Ball 1-0: SINGLE (Line Drive, 89M, EV 102.5 MPH) George Johnson scores Greg Dahl to second
|
|
Batting: SHB Doug Baker
|
0-0: Ground out 5-3 (Groundball, 56, EV 84.4 MPH)
|
| Top of the 6th over - 1 run, 3 hits, 0 errors, 2 left on base; Reading 2 - Pawtucket 0 |
| BOTTOM OF THE 6TH |
|
Pawtucket Paw Sox batting - Pitching for Reading Phillies : RHP Eric Wilkins
|
|
Batting: RHB Ted Cox
|
0-0: SOLO HOME RUN (Flyball, 8LXD, EV 97.5 MPH), Distance : 438 ft
|
|
Batting: LHB Jeff Stone
|
0-0: Fly out, F8 (Flyball, 8LXD, EV 79.4 MPH)
|
|
Batting: RHB Shooty Babitt
|
0-0: Ball 1-0: Called Strike 1-1: Ground out 5-3 (Groundball, 56, EV 98.1 MPH)
|
|
Batting: LHB Dave Haberle
|
0-0: Ball 1-0: Called Strike 1-1: Foul Ball, location: 2F 1-2: Ball 2-2: Foul Ball, location: 2F 2-2: Fly out, F8 (Flyball, 89D, EV 100.6 MPH)
|
| Bottom of the 6th over - 1 run, 1 hit, 0 errors, 0 left on base; Reading 2 - Pawtucket 1 |
| TOP OF THE 7TH |
|
Reading Phillies batting - Pitching for Pawtucket Paw Sox : LHP John Hobbs
|
|
Batting: RHB Paul Wirkus
|
0-0: Ball 1-0: Ball 2-0: Foul Ball, location: 2F 2-1: Fly out, F8 (Flyball, 8LXD, EV 98.8 MPH)
|
|
Batting: RHB Mark Sproesser
|
0-0: Swinging Strike 0-1: Swinging Strike 0-2: Ball 1-2: Strikes out swinging
|
|
Batting: LHB Alex Mata
|
0-0: SINGLE (Line Drive, 34D, EV 97.5 MPH)
|
|
Batting: LHB George Johnson
|
0-0: Fly out, F8 (Flyball, 78D, EV 84.4 MPH)
|
| Top of the 7th over - 0 runs, 1 hit, 0 errors, 1 left on base; Reading 2 - Pawtucket 1 |
| BOTTOM OF THE 7TH |
|
Pawtucket Paw Sox batting - Pitching for Reading Phillies : RHP Eric Wilkins
|
|
Batting: SHB Orestes Destrade
|
0-0: Foul Ball, location: 2F 0-1: Ball 1-1: Ball 2-1: Ball 3-1: Base on Balls
|
|
Batting: RHB Brick Smith
|
0-0: Called Strike 0-1: Called Strike 0-2: Reached on error, E7 (Line Drive, 7, EV 87.5 MPH) Orestes Destrade to third
|
|
Batting: LHB Steven Garcia
|
0-0: Ball 1-0: Ball 2-0: Foul Ball, location: 2F 2-1: Ball 3-1: Foul Ball, location: 2F 3-2: Strikes out swinging
|
|
Pinch Hitting: LHB David Wiggins
|
0-0: Ball 1-0: Ball 2-0: Foul Ball, location: 2F 2-1: Ball 3-1: Foul Ball, location: 2F 3-2: Strikes out looking
|
|
Pinch Hitting: SHB Gary Weiss
|
0-0: Ball 1-0: Ball 2-0: Ball 3-0: Called Strike 3-1: Base on Balls
|
|
Pinch Hitting: LHB Steven Blackman
|
0-0: SINGLE (Line Drive, 78S, EV 95.0 MPH) Orestes Destrade scores Brick Smith to third Gary Weiss to second Runner from 3rd tries for Home, SAFE, throw by LF to home
|
|
Batting: LHB Jeff Stone
|
0-0: Ball 1-0: Ball 2-0: Called Strike 2-1: Swinging Strike 2-2: Ball 3-2: Ground out 6-3 (Groundball, 6, EV 81.9 MPH)
|
| Bottom of the 7th over - 2 runs, 1 hit, 1 error, 2 left on base; Reading 2 - Pawtucket 3 |
| TOP OF THE 8TH |
|
Reading Phillies batting - Pitching for Pawtucket Paw Sox : LHP John Hobbs
|
|
Now at 2B: Steven Blackman
|
|
|
Now at SS: Lenny Faedo
|
|
|
Now in RF: Dave Malpeso
|
|
|
Batting: RHB Greg Dahl
|
0-0: Ball 1-0: Foul Ball, location: 2F 1-1: Swinging Strike 1-2: Strikes out swinging
|
|
Batting: LHB Martino Martin
|
0-0: Foul Ball, location: 2F 0-1: Called Strike 0-2: Ball 1-2: Strikes out looking
|
|
Batting: RHB Thomas Thompson
|
0-0: Foul Ball, location: 2F 0-1: Foul Ball, location: 2F 0-2: Strikes out swinging, 2-3 out at first.
|
| Top of the 8th over - 0 runs, 0 hits, 0 errors, 0 left on base; Reading 2 - Pawtucket 3 |
| BOTTOM OF THE 8TH |
|
Pawtucket Paw Sox batting - Pitching for Reading Phillies : RHP Eric Wilkins
|
|
Batting: RHB Shooty Babitt
|
0-0: Ball 1-0: Ball 2-0: Ball 3-0: Called Strike 3-1: Base on Balls
|
|
Batting: LHB Dave Haberle
|
0-0: Ball 1-0: Grounds into double play, 5-4-3 (Groundball, 5, EV 83.1 MPH)
|
|
Batting: SHB Orestes Destrade
|
0-0: Fly out, F9 (Flyball, 9D, EV 86.9 MPH)
|
| Bottom of the 8th over - 0 runs, 0 hits, 0 errors, 0 left on base; Reading 2 - Pawtucket 3 |
| TOP OF THE 9TH |
|
Reading Phillies batting - Pitching for Pawtucket Paw Sox : LHP John Hobbs
|
|
Pitching: RHP Terry McAnnally
|
|
|
Batting: LHB Pedro Rabassa
|
0-0: Ball 1-0: Called Strike 1-1: Ball 2-1: Called Strike 2-2: Ball 3-2: Strikes out swinging
|
|
Pinch Hitting: LHB Jerald Hammermeister
|
0-0: SOLO HOME RUN (Flyball, 89XD, EV 105.6 MPH), Distance : 435 ft
|
|
Pinch Hitting: LHB Paul Hertzler
|
0-0: Called Strike 0-1: Foul Ball, location: 2F 0-2: Ball 1-2: Ground out U3 (Groundball, 3, EV 96.3 MPH)
|
|
Pinch Hitting: LHB Billy Weems
|
0-0: Ball 1-0: Foul Ball, location: 2F 1-1: Called Strike 1-2: Foul Ball, location: 2F 1-2: Ball 2-2: Foul Ball, location: 2F 2-2: SINGLE (Groundball, 6M, EV 105.0 MPH) (infield hit)
|
|
Batting: LHB Alex Mata
|
0-0: Called Strike 0-1: Ball 1-1: Foul Ball, location: 2F 1-2: Ball 2-2: TRIPLE (Line Drive, 78XD, EV 105.6 MPH) Billy Weems scores
|
|
Batting: LHB George Johnson
|
0-0: SINGLE (Groundball, 5D, EV 103.1 MPH) Alex Mata scores
|
|
Batting: RHB Greg Dahl
|
0-0: Ball 1-0: Called Strike 1-1: Ball 2-1: Ball 3-1: Base on Balls George Johnson to second
|
|
Batting: LHB Martino Martin
|
0-0: Foul Ball, location: 2F 0-1: Ball 1-1: Called Strike 1-2: Ball 2-2: Reached on error, E6 (Groundball, 6M, EV 78.1 MPH) George Johnson to third Greg Dahl to second
|
|
Pitching: RHP Joe Thomas
|
|
|
Batting: RHB Thomas Thompson
|
0-0: Called Strike 0-1: Foul Ball, location: 2F 0-2: Ground out 4-3 (Groundball, 4, EV 84.4 MPH)
|
| Top of the 9th over - 3 runs, 4 hits, 1 error, 3 left on base; Reading 5 - Pawtucket 3 |
| BOTTOM OF THE 9TH |
|
Pawtucket Paw Sox batting - Pitching for Reading Phillies : RHP Eric Wilkins
|
|
Pitching: LHP Frank Treto
|
|
|
Now at 1B: Gabe Morales
|
|
|
Now at 3B: Richard Hyatt
|
|
|
Now at SS: Daniel Davidsmeier
|
|
|
Batting: RHB Brick Smith
|
0-0: Called Strike 0-1: SINGLE (Groundball, 6MD, EV 99.4 MPH)
|
|
Batting: LHB Steven Garcia
|
0-0: Ball 1-0: Ball 2-0: Foul Ball, location: 2F 2-1: Foul Ball, location: 2F 2-2: Fielders Choice at 2nd, 1-6 (Groundball, P, EV 64.4 MPH)
|
|
Batting: RHB Dave Malpeso
|
Pickoff Throw to First - Out! 1-3 0-0: Swinging Strike 0-1: Ball 1-1: Foul Ball, location: 2F 1-2: Foul Ball, location: 2F 1-2: Ball 2-2: Ball 3-2: Foul Ball, location: 2F 3-2: Foul Ball, location: 2F 3-2: Base on Balls
|
|
Batting: RHB Lenny Faedo
|
0-0: Called Strike 0-1: Fielders Choice at 2nd, 5-4 (Groundball, 56, EV 76.3 MPH)
|
| Bottom of the 9th over - 0 runs, 1 hit, 0 errors, 1 left on base; Reading 5 - Pawtucket 3 |
|